 Dungeon Crawl Stone Soup version 0.20.1-1-g8b1a95d (webtiles) character file.

233726 esteth the Axe Maniac (level 18, -11/158 HPs)
             Began as a Minotaur Fighter on Oct 15, 2017.
             Was the Champion of Okawaru.
             Mangled by a merfolk impaler
             ... wielding a +2 trident of distortion
              (15 damage)
             ... on level 4 of the Shoals.
             The game lasted 01:54:54 (33999 turns).

esteth the Axe Maniac (Minotaur Fighter)           Turns: 33999, Time: 01:54:55

Health: -11/158    AC: 31    Str: 28    XL:     18   Next: 86%
Magic:  0/33       EV: 18    Int:  5    God:    Okawaru [******]
Gold:   2123       SH:  3    Dex: 22    Spells: 17/17 levels left

rFire    . . .     SeeInvis .   a - +1 executioner's axe (freeze)
rCold    + . .     Gourm    .   (shield currently unavailable)
rNeg     + . .     Faith    .   W - +3 crystal plate armour
rPois    +         Spirit   +   h - +0 hat of the Gardener {rN+ Dex+4}
rElec    .         Reflect  +   g - scarf {Spirit}
rCorr    .         Harm     .   Z - +2 pair of gloves
MR       +....                  b - +2 pair of boots of the Assassin {Detection Stab+ Stlth++}
Stlth    +.........             S - +3 amulet of reflection
Regen    0.4/turn               E - ring "Diehulur" {rPois MP+9 Str+3 Dex+4}
MPRegen  0.3/turn               v - +5 ring of evasion

@: heroism, finesse, mesmerised, hasted, heavily drained, very quick
A: retaliatory headbutt, horns 2, blink, cold resistance 1, subdued magic 1
}: 1/15 runes: gossamer
a: Blink, Heroism, Finesse, Renounce Religion


You were on level 4 of the Shoals.
You worshipped Okawaru.
Okawaru was exalted by your worship.
You were not hungry.

You visited 6 branches of the dungeon, and saw 32 of its levels.
You visited 1 bazaar.
You also visited: Ice Cave.

You collected 2767 gold pieces.
You spent 644 gold pieces at shops.

Inventory:

Hand Weapons
 a - a +1 executioner's axe of freezing (weapon)
 m - a +3 hunting sling of flaming
Missiles
 o - 95 tomahawks (quivered)
 t - 13 javelins
 y - 5 javelins of returning
Armour
 b - the +2 pair of boots of the Assassin (worn) {Detection Stab+ Stlth++}
   (You acquired it on level 3 of the Lair of Beasts)

   It makes you much more stealthy.
 g - a scarf of spirit shield (worn)
 h - the +0 hat of the Gardener (worn) {rN+ Dex+4}
   (You acquired it on level 13 of the Dungeon)

   It affects your dexterity (+4).
   It protects you from negative energy.
 s - the +1 plate armour "Ishidedu" {rElec Str+5 Dex+3 Stlth+}
   (You bought it in a shop in a bazaar)

   It affects your strength (+5).
   It affects your dexterity (+3).
   It insulates you from electricity.
   It makes you more stealthy.
 F - a +3 plate armour of fire resistance
 Q - the +2 robe of Listlessness {+Inv rF+ rCorr Dex+4}
   (Okawaru gifted it to you on level 4 of the Shoals)

   It affects your dexterity (+4).
   It protects you from fire.
   It lets you turn invisible.
   It protects you from acid and corrosion.
 W - a +3 crystal plate armour (worn)
 Z - a +2 pair of gloves (worn)
Jewellery
 v - a +5 ring of evasion (right hand)
 E - the ring "Diehulur" (left hand) {rPois MP+9 Str+3 Dex+4}
   (You found it on level 7 of the Dungeon)

   [ring of dexterity]

   It affects your strength (+3).
   It affects your dexterity (+4).
   It protects you from poison.
   It affects your magic capacity (+9).
 S - a +3 amulet of reflection (around neck)
 U - an uncursed amulet of regeneration
 Y - the necklace of Bloodlust {*Rage +Rage MR++ Int-3 Slay+6 *Curse}
   (You found it on level 4 of the Lair of Beasts)

   [amulet of rage]

   It affects your intelligence (-3).
   It affects your accuracy and damage with ranged weapons and melee attacks
   (+6).
   It affects your resistance to hostile enchantments.
   It lets you go berserk.
   It may make you go berserk in combat.
   It curses itself when equipped.
Wands
 c - a wand of paralysis (7/24)
 q - a wand of digging (19/24)
 w - a wand of digging (5/24)
 D - a wand of iceblast (11/15)
 H - a wand of confusion (17/48)
 O - a wand of iceblast (0/15)
 X - a wand of enslavement (11/24)
Scrolls
 e - 6 scrolls of identify
 i - 10 scrolls of remove curse
 k - 4 scrolls of recharging
 l - 3 scrolls of magic mapping
 u - 4 scrolls of teleportation
 A - 2 scrolls of blinking
 I - a scroll of silence
 J - a scroll of brand weapon {unknown}
 P - 4 scrolls of fog
 R - 2 scrolls of fear
 T - 4 scrolls of amnesia
Potions
 d - 4 potions of might
 j - 11 potions of ambrosia
 n - 4 potions of berserk rage
 z - 3 potions of curing
 C - a potion of resistance
 L - 2 potions of agility
 M - 3 potions of haste
 N - 3 potions of mutation
 V - a potion of invisibility
Miscellaneous
 p - 3 boxes of beasts
 B - a phantom mirror
Comestibles
 f - 13 bread rations
 r - 37 fruits
 x - 17 meat rations
 G - 20 royal jellies
 K - 25 chunks of flesh


   Skills:
 + Level 13.4(16.1) Fighting
 O Level 27(24.3) Axes
 - Level 8.9(11.8) Armour
 - Level 7.5(10.5) Dodging
 - Level 11.1(13.9) Stealth
   Level 3.6(6.8) Shields
 - Level 9.9(8.0) Invocations
 - Level 9.8(7.9) Evocations


You had 17 spell levels left.
You didn't know any spells.

Dungeon Overview and Level Annotations

Branches:
Dungeon (15/15)            Temple (1/1) D:7            Lair (6/6) D:9
 Shoals (4/4) Lair:3       Spider (4/4) Lair:3        Slime (0/5) Lair:5
    Orc (2/2) D:11            Elf (0/3) Orc:2        Vaults (0/5) D:14
 Depths (0/5) D:15

Altars:
Ashenzari
Cheibriados
Dithmenos
Elyvilon
Fedhas
Gozag
Hepliaklqana
Kikubaaqudgha
Makhleb
Nemelex Xobeh
Okawaru
Qazlal
Ru
Sif Muna
Trog
Uskayaw
Vehumet
Xom
Yredelemnul
Zin
The Shining One
Beogh

Shops:
D:4 !   D:7 =   D:11 }%%   Orc:1 ?   Orc:2 [(:*

Annotations:
Shoals:3 exclusion: Roxanne, Roxanne


Innate Abilities, Weirdness & Mutations

You reflexively headbutt those who attack you in melee.
You have a pair of horns on your head.
You can translocate small distances at will.
Your flesh is cold resistant. (rC+)
Your spells are a little easier to cast, but a little less powerful.


Message History

You partially resist.
You feel drained.
You slash the merfolk impaler! You freeze the merfolk impaler.
The merfolk impaler is moderately wounded.
You slice the water elemental!! You freeze the water elemental!
You barely miss the merfolk avatar.
The merfolk impaler hits you but does no damage.
Space bends around you.
* * * LOW HITPOINT WARNING * * *
You slice the merfolk impaler!! You freeze the merfolk impaler!
The merfolk impaler is almost dead.
You slice the merfolk avatar!! You freeze the merfolk avatar.
You carve the water elemental like a ham!!!
You freeze the water elemental!
You destroy the water elemental!
Okawaru accepts your kill.
The merfolk impaler hits you but does no damage.
You partially resist.
You feel drained.
The merfolk impaler hits you but does no damage.
Space warps horribly around you!
You die...

≈≈≈≈≈≈≈≈≈≈≈........≈≈≈≈≈..
≈≈≈≈≈≈≈≈≈≈≈)...<....≈≈≈≈..
≈≈≈≈≈≈≈≈≈≈≈..........≈≈#
≈≈≈≈≈≈≈≈≈≈..........≈#
≈≈≈≈≈≈≈≈≈≈.........#≈≈≈≈
≈≈≈≈≈≈≈≈≈≈≈....)...≈≈≈≈≈
≈≈≈≈≈≈≈≈≈≈..m...m..#≈≈≈≈
≈≈≈≈≈≈≈≈.mm#......≈#≈≈≈
≈≈≈≈≈≈≈≈.@##.......≈#≈#
≈≈≈≈≈≈≈.≈.##:..........
≈≈≈≈≈≈....##..........
≈≈≈≈≈≈≈≈.##..........
≈≈≈≈≈≈≈≈......E......
≈≈≈≈≈≈≈≈............
≈≈≈≈≈≈≈≈≈.##...
≈≈≈≈≈≈≈≈≈.# .. ≈≈≈≈≈≈≈≈≈..
≈


You could see a merfolk avatar and 2 merfolk impalers.

Vanquished Creatures
  Arachne (Spider:3)
  Jorgrun (Shoals:3)
  2 krakens
  Polyphemus (Shoals:3)
  The ghost of Elmdore the Executioner, an adept HOBe of Trog (D:15)
  The ghost of Feta the Impaler, an adept MfTm of Sif Muna (D:14)
  Ilsuiw (Shoals:3)
  Louise (Spider:3)
  6 ghost moths
  7 emperor scorpions
  Aizul (Spider:2)
  2 orc warlords
  3 entropy weavers
  A stone giant (Shoals:2)
  The ghost of bmj180 the Severer, a journeyman HOFi of Okawaru (Lair:6)
  Azrael (D:13)
  An ettin (Orc:1)
  3 merfolk javelineers
  5 merfolk impalers
  Erolcha (D:13)
  7 hydras
  Harold (Lair:2)
  A vault guard (D:14)
  5 catoblepae
  4 merfolk avatars
  3 centaur warriors (D:15)
  13 two-headed ogres
  An ogre mage (D:15)
  A merfolk aquamancer (Shoals:2)
  17 death yaks
  An alligator snapping turtle (Shoals:4)
  A tengu warrior (D:15)
  A queen ant (Lair:6)
  5 orc high priests (Orc:2)
  8 unseen horrors
  8 sea snakes
  An orc knight (Orc:2)
  4 deep elf magi
  A wolf spider zombie (D:14)
  19 orb spiders
  12 harpies
  20 ugly things
  32 wolf spiders
  15 manticores
  A necromancer (IceCv)
  6 cyclopes
  2 moths of wrath
  5 orc sorcerers
  3 centaur zombies
  7 fauns
  9 merfolk sirens
  18 elephants
  2 ice statues (IceCv)
  A torpor snail (Spider:4)
  5 black mambas
  2 naga magi (D:15)
  8 water nymphs
  Psyche (D:8)
  15 spiny frogs
  3 gargoyles
  A yaktaur (shapeshifter) (D:13)
  16 demonic crawlers
  4 rime drakes
  3 kobold demonologists
  3 tengu conjurers
  6 komodo dragons
  6 ice devils (IceCv)
  2 efreet
  A yaktaur (D:15)
  5 trolls
  A queen bee (D:12)
  3 meliai (D:12)
  26 jumping spiders
  28 merfolk
  6 wind drakes
  12 hornets
  13 blink frogs
  15 hippogriffs
  A meliai zombie (D:13)
  9 slime creatures
  9 dream sheep
  12 snapping turtles
  Sigmund (D:2)
  2 shadows
  The ghost of Ymberti the Firebug, an amateur DEFE (D:4)
  6 water elementals
  A spriggan (shapeshifter) (D:15)
  2 fire elementals (D:13)
  40 tarantellas
  3 basilisks
  80 redbacks
  5 wyverns
  43 yaks
  2 hungry ghosts
  2 steam dragons (D:8)
  Grum (D:8)
  4 wargs
  3 hell hounds (D:13)
  20 soldier ants
  30 water moccasins
  10 porcupines
  8 black bears
  2 necrophages
  19 orc warriors
  2 ice beasts
  14 ogres
  4 sky beasts
  3 phantoms
  18 wolves
  22 centaurs
  13 crocodiles
  6 big kobolds
  20 bullfrogs
  2 wyvern skeletons
  A wyvern zombie (D:6)
  3 scorpions
  27 killer bees
  8 wights
  3 howler monkeys
  5 crimson imps
  2 lava snakes (Lair:5)
  3 bullfrog zombies
  A quasit (D:9)
  4 hounds
  3 draconian simulacra (IceCv)
  6 jellies
  18 orc wizards
  5 orc priests
  A bullfrog skeleton (D:8)
  4 iguanas
  3 centaur skeletons
  Terence (D:2)
  7 hell rats (Lair:5)
  33 worker ants
  A spriggan simulacrum (IceCv)
  2 troll simulacra (IceCv)
  A centaur simulacrum (IceCv)
  An ogre simulacrum (IceCv)
  20 adders
  2 naga simulacra (IceCv)
  7 shadow imps
  5 oozes
  An adder skeleton (D:4)
  6 worms
  A dart slug (D:4)
  9 leopard geckos
  50 orcs
  4 giant cockroaches
  8 goblins
  7 hobgoblins
  31 kobolds
  3 quokkas
  A ball python skeleton (D:4)
  3 bats
  3 frilled lizards
  5 rats
  3 bushes (D:13)
  8 fungi
  5 plants (Lair:6)
  9 tentacles
1215 creatures vanquished.

Vanquished Creatures (collateral kills)
  A crimson imp (D:7)
1 creature vanquished.

Vanquished Creatures (others)
  An emperor scorpion (Spider:4)
  A merfolk javelineer (Shoals:3)
  A harpy (Shoals:4)
  A wind drake (Shoals:4)
  A water moccasin (D:7)
  A porcupine (Lair:1)
  A bush (D:13)
  7 fungi
  9 plants
  8 tentacles
31 creatures vanquished.

Grand Total: 1247 creatures vanquished

Notes
Turn   | Place    | Note
-------+----------+-------------------------------------------
     0 | D:1      | esteth the Minotaur Fighter began the quest for the Orb.
     0 | D:1      | Reached XP level 1. HP: 19/19 MP: 0/0
    89 | D:1      | Reached skill level 3 in Axes
    89 | D:1      | Reached XP level 2. HP: 26/26 MP: 1/1
   398 | D:1      | Reached skill level 4 in Axes
   551 | D:2      | Reached XP level 3. HP: 21/31 MP: 2/2
   603 | D:2      | Noticed Terence
   616 | D:2      | Killed Terence
   616 | D:2      | Reached skill level 5 in Axes
   976 | D:2      | Reached XP level 4. HP: 36/39 MP: 3/3
  1183 | D:2      | Noticed Sigmund
  1204 | D:2      | Killed Sigmund
  1204 | D:2      | Reached skill level 7 in Axes
  1204 | D:2      | Reached XP level 5. HP: 39/45 MP: 4/4
  1486 | D:3      | Found a hide-covered altar of Uskayaw.
  1488 | D:3      | Noticed a hand axe
  1488 | D:3      | Noticed a hand axe
  1581 | D:3      | Reached XP level 6. HP: 48/51 MP: 5/5
  2010 | D:4      | Reached skill level 8 in Axes
  2078 | D:4      | Found Laguam's Distillery.
  2163 | D:4      | Noticed Ymberti's ghost (amateur DEFE)
  2174 | D:4      | Killed Ymberti's ghost
  2174 | D:4      | Reached skill level 9 in Axes
  2174 | D:4      | Reached XP level 7. HP: 35/57 MP: 6/6
  2712 | D:5      | Entered Level 5 of the Dungeon
  2821 | D:5      | Reached skill level 10 in Axes
  3286 | D:5      | Reached skill level 11 in Axes
  3305 | D:5      | Found a shimmering altar of Xom.
  3313 | D:5      | Reached XP level 8. HP: 64/64 MP: 7/7
  3699 | D:6      | Found a glowing silver altar of Zin.
  4141 | D:6      | Reached skill level 12 in Axes
  4157 | D:6      | Gained mutation: You are resistant to hostile enchantments. (MR+) [potion of mutation]
  4157 | D:6      | Gained mutation: You are partially covered in molten scales. (AC +2) [potion of mutation]
  4611 | D:6      | Reached skill level 1 in Dodging
  4841 | D:7      | Found a staircase to the Ecumenical Temple.
  4850 | Temple   | Entered the Ecumenical Temple
  4938 | Temple   | Became a worshipper of Warmaster Okawaru
  4997 | D:7      | Reached XP level 9. HP: 60/73 MP: 8/8
  5018 | D:7      | Noticed a troll
  5018 | D:7      | Reached skill level 5 in Fighting
  5027 | D:7      | Reached skill level 5 in Armour
  5039 | D:7      | Killed an unseen horror
  5039 | D:7      | Reached * piety under Okawaru
  5058 | D:7      | Killed a troll
  5073 | D:7      | Reached ** piety under Okawaru
  5310 | D:7      | Got a pair of brightly glowing boots
  5316 | D:7      | Identified the +2 pair of boots of the Arcane {MP+9 Dex+2} (You found it on level 7 of the Dungeon)
  5360 | D:7      | Got a pitted copper ring
  5375 | D:7      | Identified the ring "Diehulur" {rPois MP+9 Str+3 Dex+4} (You found it on level 7 of the Dungeon)
  5511 | D:7      | Reached skill level 5 in Dodging
  5518 | D:7      | Found Veninke's Jewellery Shop.
  5802 | D:7      | Found an opulent altar of Gozag.
  6369 | D:8      | Noticed Grum
  6376 | D:8      | Killed Grum
  6381 | D:8      | Reached XP level 10. HP: 76/86 MP: 9/9
  6426 | D:8      | Reached *** piety under Okawaru
  6468 | D:8      | Reached skill level 13 in Axes
  6519 | D:8      | Found a stormy altar of Qazlal.
  6604 | D:8      | Found a snail-covered altar of Cheibriados.
  6851 | D:8      | Noticed Psyche
  6910 | D:8      | Killed Psyche
  7024 | D:8      | You fall through a shaft!
  7029 | D:9      | Reached **** piety under Okawaru
  7268 | D:9      | Reached skill level 5 in Evocations
  7374 | D:9      | Found a staircase to the Lair.
  7551 | D:9      | Identified Motucaf's Reference Book on Congealing Venom
  7597 | D:9      | Found a hazy altar of Hepliaklqana.
  7608 | D:9      | Noticed a two-headed ogre
  7620 | D:9      | Killed a two-headed ogre
  7997 | D:9      | Reached ***** piety under Okawaru
  7997 | D:9      | Reached XP level 11. HP: 63/93 MP: 14/14
  8545 | Lair:1   | Entered Level 1 of the Lair of Beasts
  8653 | Lair:1   | Found a frozen archway.
  8660 | Lair:1   | Reached skill level 5 in Invocations
  8670 | IceCv    | Entered an ice cave
  8727 | IceCv    | Received a gift from Okawaru
 10331 | IceCv    | Noticed a necromancer
 10344 | IceCv    | Killed a necromancer
 10351 | IceCv    | Got a jewelled spear
 10655 | IceCv    | Identified the +9 spear of Plog {venom, MR+ Str+6} (You found it in an ice cave)
 10818 | Lair:1   | Noticed a five-headed hydra
 10828 | Lair:1   | Killed a five-headed hydra
 11366 | Lair:2   | Identified the Tome of the Escort
 11486 | Lair:2   | Reached XP level 12. HP: 102/103 MP: 18/18
 11513 | Lair:2   | Noticed Harold
 11534 | Lair:2   | Killed Harold
 11549 | Lair:2   | Reached skill level 14 in Axes
 11593 | Lair:2   | Noticed a five-headed hydra
 11606 | Lair:2   | Killed a five-headed hydra
 11629 | Lair:2   | Reached skill level 10 in Fighting
 11940 | Lair:2   | Received a gift from Okawaru
 12189 | Lair:2   | Noticed a death yak
 12191 | Lair:2   | Noticed a death yak
 12194 | Lair:2   | Noticed a death yak
 12271 | Lair:1   | Killed a death yak
 12416 | Lair:2   | Noticed a catoblepas
 12436 | Lair:1   | Killed a catoblepas
 12444 | Lair:1   | Reached skill level 15 in Axes
 12800 | Lair:2   | Killed a death yak
 12814 | Lair:2   | Killed a death yak
 12814 | Lair:2   | Reached ****** piety under Okawaru
 13001 | Lair:3   | Found a hole to the Spider Nest.
 13283 | Lair:3   | Identified a scroll of acquirement
 13345 | Lair:3   | Reached XP level 13. HP: 118/118 MP: 19/19
 13398 | Lair:3   | Found a staircase to the Shoals.
 13405 | Lair:3   | Reached skill level 1 in Stealth
 13720 | Lair:3   | Reached skill level 16 in Axes
 13922 | Lair:4   | Received a gift from Okawaru
 15279 | Lair:5   | Received a gift from Okawaru
 15293 | Lair:5   | Reached skill level 17 in Axes
 15425 | Lair:5   | Found a staircase to the Slime Pits.
 16167 | Lair:6   | Entered Level 6 of the Lair of Beasts
 16167 | Lair:6   | Noticed bmj180's ghost (journeyman HOFi)
 16227 | Lair:6   | Killed bmj180's ghost
 16227 | Lair:6   | Reached skill level 18 in Axes
 16267 | Lair:6   | Received a gift from Okawaru
 16453 | Lair:6   | Reached XP level 14. HP: 126/126 MP: 20/20
 16582 | Lair:6   | Got a fine brass amulet
 16584 | Lair:6   | Identified the amulet "Coqowanu" {Faith Str+4} (You found it on level 6 of the Lair of Beasts)
 16645 | Lair:6   | Received a gift from Okawaru
 16936 | Lair:6   | Noticed an entropy weaver
 16943 | Lair:6   | Noticed an entropy weaver
 16946 | Lair:6   | Reached skill level 19 in Axes
 17151 | Lair:6   | Killed an entropy weaver
 17262 | Lair:6   | Received a gift from Okawaru
 17544 | Lair:6   | Killed an entropy weaver
 17760 | D:10     | Entered Level 10 of the Dungeon
 18404 | D:10     | Reached skill level 5 in Stealth
 18835 | D:11     | Found Acsaareu's Food Shoppe.
 18843 | D:11     | Found a staircase to the Orcish Mines.
 18905 | D:11     | Received a gift from Okawaru
 18906 | D:11     | Got a polished broad axe {god gift}
 18907 | D:11     | Identified the +6 broad axe of Starshine {drain, rC++} (Okawaru gifted it to you on level 11 of the Dungeon)
 18996 | D:11     | Found Goestineo's Food Emporium.
 19096 | D:11     | Found Wokkaykeu's Gadget Emporium.
 19489 | D:11     | Found a shattered altar of Ashenzari.
 19493 | D:11     | Saw a vision of the Shoals and the Spider Nest.
 19581 | Orc:1    | Entered Level 1 of the Orcish Mines
 19605 | Orc:1    | Found a roughly hewn altar of Beogh.
 19632 | Orc:1    | Noticed an orc warlord
 19681 | Orc:1    | Killed an orc warlord
 19766 | Orc:1    | Reached XP level 15. HP: 100/133 MP: 21/21
 19858 | Orc:1    | Found a roughly hewn altar of Beogh.
 19909 | Orc:1    | Found Xocoim's Magic Scroll Boutique.
 20179 | Orc:2    | Entered Level 2 of the Orcish Mines
 20191 | Orc:2    | Found Cial's General Store.
 20351 | Orc:2    | Found a staircase to the Elven Halls.
 20371 | Orc:2    | Found Zilaom's Book Emporium.
 20371 | Orc:2    | Noticed an orc warlord
 20383 | Orc:2    | Killed an orc warlord
 20647 | Orc:2    | Found Muosoh's Antique Weapon Boutique.
 20687 | Orc:2    | Found Bexas's Antique Armour Shop.
 21597 | D:12     | Received a gift from Okawaru
 21641 | D:12     | Reached skill level 20 in Axes
 22080 | D:13     | Noticed Azrael
 22105 | D:13     | Killed Azrael
 22268 | D:13     | Found a blossoming altar of Fedhas.
 22283 | D:13     | Noticed Erolcha
 22292 | D:13     | Killed Erolcha
 22332 | D:13     | Got a bloodstained hat
 22343 | D:13     | Identified the +0 hat of the Gardener {rN+ Dex+4} (You acquired it on level 13 of the Dungeon)
 22987 | D:14     | Received a gift from Okawaru
 23160 | D:14     | Reached skill level 21 in Axes
 23167 | D:14     | Found a stormy altar of Qazlal.
 23242 | D:14     | Noticed Feta's ghost (adept MfTm)
 23297 | D:14     | Killed Feta's ghost
 23310 | D:14     | Found a gate to the Vaults.
 23771 | D:14     | Found a flickering gateway to a bazaar.
 23780 | Bazaar   | Entered a bazaar
 23791 | Bazaar   | Found Jainkeibay's Food Shop.
 23791 | Bazaar   | Found Coudonn's Armour Boutique.
 23828 | Bazaar   | Found Beushruul's Armour Shop.
 23845 | Bazaar   | Found Xamauhi's Magic Scroll Boutique.
 23885 | Bazaar   | Bought the cursed +1 plate armour "Ishidedu" {rElec Str+5 Dex+3 Stlth+} for 644 gold pieces
 23932 | D:15     | Entered Level 15 of the Dungeon
 24087 | D:15     | Reached XP level 16. HP: 139/139 MP: 22/22
 24313 | D:15     | Received a gift from Okawaru
 24621 | D:15     | Noticed Elmdore's ghost (adept HOBe)
 25050 | D:15     | Found a staircase to the Depths.
 25188 | D:15     | Reached skill level 10 in Stealth
 25228 | D:15     | Killed Elmdore's ghost
 25228 | D:15     | Received a gift from Okawaru
 25571 | Spider:1 | Entered Level 1 of the Spider Nest
 26416 | Spider:2 | Reached skill level 22 in Axes
 26536 | Spider:2 | Noticed Aizul
 26543 | Spider:2 | Killed Aizul
 27670 | Spider:3 | Reached XP level 17. HP: 139/146 MP: 23/23
 27710 | Spider:3 | Reached skill level 23 in Axes
 27771 | Spider:3 | Received a gift from Okawaru
 27775 | Spider:3 | Noticed Arachne
 27793 | Spider:3 | Killed Arachne
 28139 | Spider:3 | Noticed Louise
 28147 | Spider:3 | Killed Louise
 28363 | Spider:4 | Entered Level 4 of the Spider Nest
 28379 | Spider:4 | Paralysed by a hornet for 1 turns
 28782 | Spider:4 | Reached skill level 24 in Axes
 29036 | Spider:4 | Paralysed by a hornet for 1 turns
 29050 | Spider:4 | Received a gift from Okawaru
 29529 | Spider:4 | Got a gossamer rune of Zot
 29550 | Spider:4 | Reached skill level 25 in Axes
 30014 | Shoals:1 | Entered Level 1 of the Shoals
 30076 | Shoals:1 | Received a gift from Okawaru
 30477 | Shoals:1 | Reached XP level 18. HP: 154/154 MP: 24/24
 30652 | Shoals:2 | Received a gift from Okawaru
 31395 | Shoals:3 | Noticed Roxanne
 31481 | Shoals:3 | Noticed Polyphemus
 31495 | Shoals:3 | Killed Polyphemus
 31497 | Shoals:3 | Reached skill level 26 in Axes
 31589 | Shoals:3 | Lost mutation: You are partially covered in molten scales. (AC +2) [potion of mutation]
 31589 | Shoals:3 | Gained mutation: You have a somewhat thin skeletal structure. (Dex +2, Stealth) [potion of mutation]
 31589 | Shoals:3 | Gained mutation: You have large cloven feet. [potion of mutation]
 31590 | Shoals:3 | Lost mutation: You have a somewhat thin skeletal structure. (Dex +2, Stealth) [potion of mutation]
 31590 | Shoals:3 | Gained mutation: Your spells are a little easier to cast, but a little less powerful. [potion of mutation]
 31590 | Shoals:3 | Gained mutation: Scrolls take you a little longer to read. [potion of mutation]
 31590 | Shoals:3 | Gained mutation: Your flesh is cold resistant. (rC+) [potion of mutation]
 31590 | Shoals:3 | Gained mutation: You possess an exceptional clarity of mind. [potion of mutation]
 31591 | Shoals:3 | Lost mutation: Scrolls take you a little longer to read. [potion of mutation]
 31591 | Shoals:3 | Lost mutation: You are resistant to hostile enchantments. (MR+) [potion of mutation]
 31591 | Shoals:3 | Lost mutation: You have large cloven feet. [potion of mutation]
 31591 | Shoals:3 | Lost mutation: You possess an exceptional clarity of mind. [potion of mutation]
 31591 | Shoals:3 | Gained mutation: You can translocate small distances at will. [potion of mutation]
 31624 | Shoals:3 | Noticed Ilsuiw
 31687 | Shoals:3 | Killed Ilsuiw
 32017 | Shoals:3 | Noticed Jorgrun
 32024 | Shoals:3 | Killed Jorgrun
 32905 | Shoals:4 | Entered Level 4 of the Shoals
 33442 | Shoals:4 | Reached skill level 27 in Axes
 33499 | Shoals:4 | Identified the Almanac of Lucky Malediction
 33520 | Shoals:4 | Received a gift from Okawaru
 33521 | Shoals:4 | Got a sheer robe {god gift}
 33540 | Shoals:4 | Identified the +2 robe of Listlessness {+Inv rF+ rCorr Dex+4} (Okawaru gifted it to you on level 4 of the Shoals)
 33998 | Shoals:4 | HP: 4/158 [merfolk impaler/trident of distortion (5)]
 33999 | Shoals:4 | Mangled by a merfolk impaler

Skill      XL: |  1  2  3  4  5  6  7  8  9 10 11 12 13 14 15 16 17 18 |
---------------+-------------------------------------------------------+-----
Axes           | 3 4 5 7 9 11 12 13 15 18 19 21 22 25 27 | 27.0
Fighting       | 4 7 8 12 13 | 13.4
Armour         | 4 7 8 |  8.9
Dodging        | 2 6 7 |  7.5
Evocations     | 6 7 9 |  9.8
Invocations    | 3 9 |  9.9
Stealth        | 4 6 7 11 | 11.1
Shields        | |  3.6

Action                   |  1- 3 |  4- 6 |  7- 9 | 10-12 | 13-15 | 16-18 || total
-------------------------+-------+-------+-------+-------+-------+-------++-------
Melee: War axe           |    73 |    93 |   201 |   341 |       |       ||   708
       Headbutt          |    14 |    13 |    53 |   195 |   382 |   320 ||   977
       Spear             |       |       |       |   311 |   408 |       ||   719
       Battleaxe         |       |       |       |       |    72 |       ||    72
       Executioner's axe |       |       |       |       |   754 |  1177 ||  1931
       Broad axe         |       |       |       |       |     4 |       ||     4
Throw: Tomahawk          |       |       |     5 |       |       |       ||     5
Invok: Heroism           |       |       |       |     4 |     9 |     9 ||    22
       Finesse           |       |       |       |     3 |     6 |     6 ||    15
Evoke: Wand              |       |     1 |     2 |     9 |     3 |     3 ||    18
  Use: Potion            |       |     4 |     2 |     2 |     8 |    13 ||    29
       Scroll            |       |     7 |     3 |    10 |    16 |    12 ||    48
 Stab: Distracted        |       |       |     1 |       |     1 |     2 ||     4
       Petrifying        |       |       |       |     4 |       |     1 ||     5
       Sleeping          |       |       |       |       |     1 |    17 ||    18
       Invisible         |       |       |       |       |       |     5 ||     5
  Eat: Chunk             |       |     4 |    13 |    15 |    30 |    16 ||    78
       Bread ration      |       |       |       |     2 |     1 |     3 ||     6
       Meat ration       |       |       |       |       |       |     1 ||     1
Armor: Scale mail        |    16 |       |       |       |       |       ||    16
       Ring mail         |     5 |    35 |    49 |       |       |       ||    89
       Plate armour      |       |       |    17 |   204 |   477 |   461 ||  1159
       Crystal plate arm |       |       |       |       |       |   309 ||   309
Dodge: Dodged            |    15 |    30 |    95 |   296 |   855 |  1074 ||  2365
Block: Shield            |    37 |    33 |   116 |   221 |       |       ||   407
       Buckler           |       |       |       |    48 |    69 |       ||   117
       Reflection        |       |       |       |       |     1 |     7 ||     8
       Other             |       |       |       |       |       |    63 ||    63
